 Dungeon Crawl Stone Soup version 0.30-a0-125-g51eefa8 (webtiles) character file.

Game seed: 937468387866324997

7 yaymichael the Magician (level 2, -3/21 HPs)
             Began as a Djinni Fire Elementalist on Sept 18, 2022.
             Slain by a quokka (4 damage)
             ... on level 1 of the Dungeon.
             The game lasted 00:00:24 (45 turns).

yaymichael the Magician (Djinni Fire Elementalist)    Turns: 45, Time: 00:00:24

Health: -3/21      AC:  2    Str:  7    XL:     2   Next: 5%
Gold:   11         EV: 12    Int: 16    God:
                   SH:  0    Dex: 13

rFire   + + .      SeeInvis .    (no weapon)
rCold   x . .      Faith    .    (no shield)
rNeg    . . .      Spirit   .    a - +0 robe
rPois   ∞          Reflect  .    (no helmet)
rElec   .          Harm     .    (no cloak)
rCorr   .          Rampage  .    (no gloves)
Will    .....                    (boots unavailable)
Stlth   ++........               (no amulet)
HPRegen 0.07/turn                (no ring)
MPRegen 0.00/turn                (no ring)

@: about to teleport, flying
A: sickness immunity, fire resistance 2, cold vulnerability 1, float, innate
caster, HP casting, extra vitality 1
a: no special abilities


You were on level 1 of the Dungeon.
You visited 1 branch of the dungeon, and saw 1 of its levels.

You collected 11 gold pieces.

Inventory:

Armour
 a - a +0 robe (worn)
 c - a +0 cloak
Scrolls
 b - a scroll of teleportation


   Skills:
 + Level 2.2 Dodging
 + Level 1.6 Stealth
 + Level 2.7 Spellcasting


You couldn't memorise any spells.
You knew the following spells:

 Your Spells              Type           Power      Damage    Failure   Level
a - Foxfire               Conj/Fire      40%        2x1d6     6%          1
b - Scorch                Fire           20%        2d6       10%         2
c - Kindle Blastsparks    Fire/Tloc/Air  20%        2d11      19%         3
d - Inner Flame           Hex/Fire       10%        N/A       19%         3
e - Flame Wave            Conj/Fire      10%        2d6       54%         4
Your spell library was empty.

Dungeon Overview and Level Annotations

Branches:
Dungeon (1/15)

Altars:


Innate Abilities, Weirdness & Mutations

You are immune to sickness and miasma.
You are immune to poison.
Your flesh is very heat resistant. (rF++)
You are vulnerable to cold. (rC-)
You float through the air rather than walking.
You learn spells naturally, not from books.
Your magical power is your life essence.
You have superior vitality. (+4 MHP)


Message History

Confirm with . or Enter, or press ? or * to list all spells.
You conjure some foxfire!
The jackal closely misses you.
The foxfire hits the jackal.
You kill the jackal!
The foxfire hits the jackal.
The jackal is moderately wounded.
The jackal barely misses you.
Casting: Foxfire (safe; 7% risk of failure)
Confirm with . or Enter, or press ? or * to list all spells.
You conjure some foxfire!
* * * LOW HITPOINT WARNING * * *
The jackal closely misses you.
The foxfire hits the jackal but does no damage.
The jackal is moderately wounded.
The foxfire hits the jackal.
You kill the jackal!
You have reached level 2!
You see here a quokka corpse.
Casting: Foxfire (safe; 6% risk of failure)
Confirm with . or Enter, or press ? or * to list all spells.
You conjure some foxfire!
* * * LOW HITPOINT WARNING * * *
The quokka bites you.
* * * LOW HITPOINT WARNING * * *
The foxfire hits the hobgoblin.
The hobgoblin is heavily wounded.
Your foxfire dissipates!
The quokka bites you.
* * * LOW HITPOINT WARNING * * *
The quokka attacks as you move away! The quokka bites you.
* * * LOW HITPOINT WARNING * * *
The quokka barely misses you.
You aren't carrying any potions.
You aren't carrying any potions.
As you read the scroll labelled VUNIZAIZUST, it crumbles to dust.
You feel strangely unstable.
It was a scroll of teleportation.
The quokka bites you but does no damage.
The hobgoblin hits you but does no damage.
The quokka bites you.
You die...

######## #
#########......# ###..
...............#####....
.............@r..#...#
..##...<...##.g....######
........................#
################.†......#
..P.P♣.P...P.♣ #........#
.P.PPP..♣PP.P♣ #.....>..#


PP.PP..PP...PP #..†.....# P.♣P...PP.P....#........# ♣P ♣.♣.P.P.P♣P.###.##..##
You could see a quokka and a hobgoblin.

Vanquished Creatures
  A dart slug (D:1)
  2 jackals (D:1)
  A quokka (D:1)
4 creatures vanquished.

Vanquished Creatures (others)
  15 foxfires (D:1)
15 creatures vanquished.

Grand Total: 19 creatures vanquished

Notes
Turn   | Place    | Note
-------+----------+-------------------------------------------
     0 | D:1      | yaymichael the Djinni Fire Elementalist began the quest for
                  | the Orb.
     0 | D:1      | yaymichael set off with the following spells memorised:
                  | Foxfire, Scorch, Kindle Blastsparks, Inner Flame, Flame
                  | Wave.
     0 | D:1      | Reached XP level 1. HP: 15/15 MP: 0/0
    38 | D:1      | Reached XP level 2. HP: 6/21 MP: 0/0
    42 | D:1      | HP: 1/21 [quokka (2)]
    45 | D:1      | Slain by a quokka

Illustrated notes

Levels and vault maps discovered:
D:1:      minmay_arrival_arboretum_small, layout_rooms

Action                   || total
-------------------------++-------
 Cast: Foxfire           ||    10
  Use: Scroll            ||     1
Armor: Robe              ||     2
Dodge: Dodged            ||     8

Table legend: (Time is in decaauts)
 A = Elapsed time spent in this place.
 B = Non-inter-level travel time spent in this place.
 C = Inter-level travel time spent in this place.
 D = Time resting spent in this place.
 E = Time spent auto-exploring this place.
 F = Levels seen in this place.
 G = Mean time per level.
                   A        B        C        D        E       F      G
               +--------+--------+--------+--------+--------+-----+--------+
         Total |     45 |     45 |      0 |      0 |      2 |   1 |   45.0 |
       Dungeon |     45 |     45 |      0 |      0 |      2 |   1 |   45.0 |
               +--------+--------+--------+--------+--------+-----+--------+

Top non-repeatable levels by time:
     D:1: 45 daAuts
